PCL
SANTA MONICA BRUINS @ CALGARY COWBOYS
09/11/2027
 
TOP OF THE 1ST
Santa Monica Bruins batting - Pitching for Calgary Cowboys : RHP Paul Barton
Pitching: RHP Paul Barton
Batting: LHB Francisco Medina 0-0: Ball
1-0: Swinging Strike
1-1: Called Strike
1-2: SINGLE (Groundball, 34) (infield hit)
Batting: RHB Phil White 0-0: Called Strike
Throwing error on steal attempt, E2
Francisco Medina to third
0-1: SINGLE (Flyball, 9S)
Francisco Medina scores
Batting: RHB Mario Beltrán 0-0: Swinging Strike
0-1: Swinging Strike
0-2: Foul Ball, location: 2F
0-2: Ball
1-2: Fly out, F8 (Flyball, 8RXD)
Runner from 1st tags up, SAFE at 2nd
Batting: LHB Noriaki Sangi 0-0: Foul Ball, location: 2F
0-1: Swinging Strike
0-2: Ball
1-2: Ball
2-2: Strikes out looking
Batting: RHB Salvador Salas 0-0: Ball
1-0: Called Strike
1-1: Ball
2-1: Foul Ball, location: 2F
2-2: Strikes out swinging
Top of the 1st over - 1 run(s), 2 hit(s), 1 error(s), 1 left on base; Santa Monica 1 - Calgary 0
BOTTOM OF THE 1ST
Calgary Cowboys batting - Pitching for Santa Monica Bruins : RHP Mario Chávez
Pitching: RHP Mario Chávez
Batting: LHB Enrico Vargas 0-0: Ball
1-0: Foul Ball, location: 2F
1-1: Fly out, F4 (Line Drive, 4)
Batting: RHB Jorge Balencia 0-0: Ball
1-0: Foul Ball, location: 2F
1-1: Ball
2-1: Swinging Strike
2-2: Foul Ball, location: 2F
2-2: Foul Ball, location: 2F
2-2: Ball
3-2: Strikes out swinging
Batting: LHB Greg Nelson 0-0: Ball
1-0: Ball
2-0: Fly out, F8 (Flyball, 8LS)
Bottom of the 1st over - 0 run(s), 0 hit(s), 0 error(s), 0 left on base; Santa Monica 1 - Calgary 0
TOP OF THE 2ND
Santa Monica Bruins batting - Pitching for Calgary Cowboys : RHP Paul Barton
Batting: RHB Johnny Williams 0-0: Ball
1-0: Ball
2-0: Foul Ball, location: 2F
2-1: Ball
3-1: Foul Ball, location: 2F
3-2: Base on Balls
Batting: SHB Ken Hernández 0-0: Ball
1-0: Ball
2-0: Fly out, F8 (Flyball, 78S)
Batting: LHB Ramiro Martínez 0-0: Fielders Choice at 2nd, 4-6 (Groundball, 34)
Batting: RHB Ernest Russell 0-0: Called Strike
0-1: Foul Ball, location: 2F
0-2: Ball
1-2: 2-RUN HOME RUN (Flyball, 7D), Distance : 394 ft
Batting: LHB Francisco Medina 0-0: Ball
1-0: Ground out 6-3 (Groundball, 6M)
Top of the 2nd over - 2 run(s), 1 hit(s), 0 error(s), 0 left on base; Santa Monica 3 - Calgary 0
BOTTOM OF THE 2ND
Calgary Cowboys batting - Pitching for Santa Monica Bruins : RHP Mario Chávez
Batting: LHB José Lińares 0-0: SINGLE (Flyball, 7S)
Batting: RHB Todd Bryant 0-0: Called Strike
0-1: Foul Ball, location: 2F
0-2: Strikes out swinging
Batting: RHB Dan Wyatt 0-0: Called Strike
José Lińares is caught stealing 2nd base
0-1: Ball
1-1: Called Strike
1-2: Ball
2-2: Strikes out swinging
Bottom of the 2nd over - 0 run(s), 1 hit(s), 0 error(s), 0 left on base; Santa Monica 3 - Calgary 0
TOP OF THE 3RD
Santa Monica Bruins batting - Pitching for Calgary Cowboys : RHP Paul Barton
Batting: RHB Phil White 0-0: Ball
1-0: Foul Ball, location: 2F
1-1: Swinging Strike
1-2: Ball
2-2: Ball
3-2: Base on Balls
Batting: RHB Mario Beltrán 0-0: Ball
1-0: SINGLE (Groundball, 6MD)
Phil White to second
Runner from 2nd tries for 3rd, SAFE, throw made to third
Batting: LHB Noriaki Sangi 0-0: Called Strike
0-1: 3-RUN HOME RUN (Flyball, 8RXD), Distance : 435 ft
Batting: RHB Salvador Salas 0-0: Called Strike
0-1: Ball
1-1: Ball
2-1: Ball
3-1: Base on Balls
Batting: RHB Johnny Williams 0-0: Ball
1-0: Foul Ball, location: 2F
1-1: Fly out, F9 (Flyball, 89M)
Batting: SHB Ken Hernández Pickoff Throw to First - Out!
0-0: Ground out 4-3 (Groundball, 4)
Top of the 3rd over - 3 run(s), 2 hit(s), 0 error(s), 0 left on base; Santa Monica 6 - Calgary 0
BOTTOM OF THE 3RD
Calgary Cowboys batting - Pitching for Santa Monica Bruins : RHP Mario Chávez
Batting: LHB Freddy Herrera 0-0: Ball
1-0: Foul Ball, location: 2F
1-1: Ball
2-1: Ball
3-1: Base on Balls
Batting: RHB Shayne Burry 0-0: Ball
1-0: Ball
2-0: Ball
3-0: Called Strike
3-1: Foul Ball, location: 2F
3-2: Fly out, F4 (Line Drive, 4)
Batting: RHB Mario Sánchez 0-0: Called Strike
0-1: Ball
1-1: Ball
2-1: Swinging Strike
2-2: Grounds into double play, 5-4-3 (Groundball, 56)
Bottom of the 3rd over - 0 run(s), 0 hit(s), 0 error(s), 0 left on base; Santa Monica 6 - Calgary 0
TOP OF THE 4TH
Santa Monica Bruins batting - Pitching for Calgary Cowboys : RHP Paul Barton
Batting: LHB Ramiro Martínez 0-0: Swinging Strike
0-1: Called Strike
0-2: Strikes out swinging
Batting: RHB Ernest Russell 0-0: Ball
1-0: Ball
2-0: Ball
3-0: Base on Balls
Batting: LHB Francisco Medina 0-0: Called Strike
0-1: Ball
1-1: Fielders Choice at 2nd, 4-6 (Groundball, 4)
Batting: RHB Phil White 0-0: Ball
Francisco Medina steals 2nd base
1-0: Ball
2-0: Called Strike
2-1: Foul Ball, location: 2F
2-2: Fly out, F5 (Line Drive, 56)
Top of the 4th over - 0 run(s), 0 hit(s), 0 error(s), 1 left on base; Santa Monica 6 - Calgary 0
BOTTOM OF THE 4TH
Calgary Cowboys batting - Pitching for Santa Monica Bruins : RHP Mario Chávez
Batting: LHB Enrico Vargas 0-0: SINGLE (Line Drive, 89M)
Batting: RHB Jorge Balencia 0-0: Ball
1-0: Foul Ball, location: 2F
1-1: Called Strike
1-2: Strikes out swinging
Batting: LHB Greg Nelson 0-0: 2-RUN HOME RUN (Flyball, 89XD), Distance : 437 ft
Batting: LHB José Lińares 0-0: Swinging Strike
0-1: Swinging Strike
0-2: Ball
1-2: Ground out 5-3 (Groundball, 5)
Batting: RHB Todd Bryant 0-0: Fly out, F8 (Line Drive, 8RM)
Bottom of the 4th over - 2 run(s), 2 hit(s), 0 error(s), 0 left on base; Santa Monica 6 - Calgary 2
TOP OF THE 5TH
Santa Monica Bruins batting - Pitching for Calgary Cowboys : RHP Paul Barton
Pitching: RHP Bert Killick
Batting: RHB Mario Beltrán 0-0: Called Strike
0-1: Fly out, F9 (Flyball, 9)
Batting: LHB Noriaki Sangi 0-0: Ball
1-0: Ball
2-0: Ball
3-0: Base on Balls
Batting: RHB Salvador Salas 0-0: Called Strike
0-1: Called Strike
0-2: Ball
1-2: Foul Ball, location: 2F
1-2: Ball
2-2: Ball
3-2: Strikes out swinging
Batting: RHB Johnny Williams 0-0: Ball
1-0: Foul Ball, location: 2F
1-1: Fly out, F3 (Line Drive, 3L)
Top of the 5th over - 0 run(s), 0 hit(s), 0 error(s), 1 left on base; Santa Monica 6 - Calgary 2
BOTTOM OF THE 5TH
Calgary Cowboys batting - Pitching for Santa Monica Bruins : RHP Mario Chávez
Batting: RHB Dan Wyatt 0-0: Ball
1-0: Ball
2-0: Ball
3-0: Called Strike
3-1: Base on Balls
Batting: LHB Freddy Herrera 0-0: Ball
1-0: Called Strike
1-1: Ground out 5-3 (Groundball, 56S)
Dan Wyatt to second
Batting: RHB Shayne Burry 0-0: Foul Ball, location: 2F
0-1: Called Strike
0-2: Fly out, F5 (Line Drive, 56S)
Batting: RHB Mario Sánchez 0-0: Ball
1-0: Ball
2-0: Ground out 6-3 (Groundball, 6)
Bottom of the 5th over - 0 run(s), 0 hit(s), 0 error(s), 1 left on base; Santa Monica 6 - Calgary 2
TOP OF THE 6TH
Santa Monica Bruins batting - Pitching for Calgary Cowboys : RHP Bert Killick
Batting: SHB Ken Hernández 0-0: Called Strike
0-1: Called Strike
0-2: Foul Ball, location: 2F
0-2: SINGLE (Flyball, 8LS)
Batting: LHB Ramiro Martínez 0-0: Called Strike
0-1: Swinging Strike
0-2: Strikes out swinging
Batting: RHB Ernest Russell 0-0: Called Strike
Ken Hernández steals 2nd base
0-1: Ball
1-1: Ball
2-1: Ground out 4-3 (Groundball, 4M)
Ken Hernández to third
Batting: LHB Francisco Medina 0-0: SINGLE (Line Drive, 4M)
Ken Hernández scores
Batting: RHB Phil White 0-0: Called Strike
0-1: Ball
1-1: Foul Ball, location: 2F
1-2: Strikes out looking
Top of the 6th over - 1 run(s), 2 hit(s), 0 error(s), 1 left on base; Santa Monica 7 - Calgary 2
BOTTOM OF THE 6TH
Calgary Cowboys batting - Pitching for Santa Monica Bruins : RHP Mario Chávez
Batting: LHB Enrico Vargas 0-0: Ball
1-0: Foul Ball, location: 2F
1-1: Ball
2-1: Fly out, F8 (Line Drive, 78D)
Batting: RHB Jorge Balencia 0-0: Foul Ball, location: 2F
0-1: Swinging Strike
0-2: Strikes out swinging
Batting: LHB Greg Nelson 0-0: Ball
1-0: Ball
2-0: Foul Ball, location: 2F
2-1: Ball
3-1: Called Strike
3-2: SINGLE (Line Drive, 9S)
Batting: LHB José Lińares 0-0: Called Strike
0-1: Ball
1-1: Ball
2-1: Fly out, F8 (Flyball, 8RD)
Bottom of the 6th over - 0 run(s), 1 hit(s), 0 error(s), 1 left on base; Santa Monica 7 - Calgary 2
TOP OF THE 7TH
Santa Monica Bruins batting - Pitching for Calgary Cowboys : RHP Bert Killick
Batting: RHB Mario Beltrán 0-0: Called Strike
0-1: Ball
1-1: Ball
2-1: Ball
3-1: Base on Balls
Batting: LHB Noriaki Sangi 0-0: Ball
1-0: Ball
2-0: 2-RUN HOME RUN (Flyball, 8RXD), Distance : 431 ft
Pitching: RHP Abraham Hes
Batting: RHB Salvador Salas 0-0: Fly out, F8 (Flyball, 8RXD)
Batting: RHB Johnny Williams 0-0: Ball
1-0: Ball
2-0: Called Strike
2-1: Foul Ball, location: 2F
2-2: Fly out, F3 (Popup, 3D)
Batting: SHB Ken Hernández 0-0: Ball
1-0: Ball
2-0: Called Strike
2-1: Ball
3-1: Ground out 4-3 (Groundball, 4)
Top of the 7th over - 2 run(s), 1 hit(s), 0 error(s), 0 left on base; Santa Monica 9 - Calgary 2
BOTTOM OF THE 7TH
Calgary Cowboys batting - Pitching for Santa Monica Bruins : RHP Mario Chávez
Now in RF: Francisco Castillo
Batting: RHB Todd Bryant 0-0: Ball
1-0: Fly out, F4 (Popup, 34)
Batting: RHB Dan Wyatt 0-0: Swinging Strike
0-1: Ball
1-1: Foul Ball, location: 2F
1-2: Ball
2-2: Ball
3-2: Foul Ball, location: 2F
3-2: Fly out, F3 (Popup, 3L)
Batting: LHB Freddy Herrera 0-0: Called Strike
0-1: Swinging Strike
0-2: Fly out, F6 (Popup, 6MD)
Bottom of the 7th over - 0 run(s), 0 hit(s), 0 error(s), 0 left on base; Santa Monica 9 - Calgary 2
TOP OF THE 8TH
Santa Monica Bruins batting - Pitching for Calgary Cowboys : RHP Abraham Hes
Batting: LHB Ramiro Martínez 0-0: Called Strike
0-1: Foul Ball, location: 2F
0-2: Ball
1-2: Foul Ball, location: 2F
1-2: Foul Ball, location: 2F
1-2: Strikes out swinging
Batting: RHB Ernest Russell 0-0: Ball
1-0: Ball
2-0: Ball
3-0: Base on Balls
Batting: LHB Francisco Medina 0-0: Ball
Ernest Russell is caught stealing 2nd base
1-0: Foul Ball, location: 2F
1-1: Ball
2-1: Ball
3-1: Base on Balls
Batting: RHB Phil White
Pinch Hitting: RHB Shizue Chouda 0-0: Foul Ball, location: 2F
0-1: Ball
1-1: Swinging Strike
1-2: Strikes out looking
Top of the 8th over - 0 run(s), 0 hit(s), 0 error(s), 1 left on base; Santa Monica 9 - Calgary 2
BOTTOM OF THE 8TH
Calgary Cowboys batting - Pitching for Santa Monica Bruins : RHP Mario Chávez
Now in LF: Shizue Chouda
Batting: RHB Shayne Burry 0-0: Ball
1-0: Ball
2-0: Ball
3-0: Called Strike
3-1: Fly out, F6 (Line Drive, 56)
Batting: RHB Mario Sánchez 0-0: Ball
1-0: Called Strike
1-1: Ball
2-1: Ball
3-1: Called Strike
3-2: Strikes out swinging
Batting: LHB Enrico Vargas 0-0: Ball
1-0: Swinging Strike
1-1: Ball
2-1: Fly out, F7 (Flyball, 7)
Bottom of the 8th over - 0 run(s), 0 hit(s), 0 error(s), 0 left on base; Santa Monica 9 - Calgary 2
TOP OF THE 9TH
Santa Monica Bruins batting - Pitching for Calgary Cowboys : RHP Abraham Hes
Pitching: RHP Bernardo Romero
Batting: RHB Mario Beltrán 0-0: Ground out 6-3 (Groundball, 6)
Batting: LHB Noriaki Sangi 0-0: Foul Ball, location: 2F
0-1: Ball
1-1: Called Strike
1-2: Ball
2-2: Foul Ball, location: 2F
2-2: Ball
3-2: Base on Balls
Batting: RHB Salvador Salas 0-0: Ball
1-0: Ball
2-0: 2-RUN HOME RUN (Flyball, 7D), Distance : 382 ft
Batting: RHB Francisco Castillo 0-0: Called Strike
0-1: Swinging Strike
0-2: Strikes out looking
Batting: SHB Ken Hernández 0-0: Ball
1-0: Fly out, F6 (Line Drive, 6M)
Top of the 9th over - 2 run(s), 1 hit(s), 0 error(s), 0 left on base; Santa Monica 11 - Calgary 2
BOTTOM OF THE 9TH
Calgary Cowboys batting - Pitching for Santa Monica Bruins : RHP Mario Chávez
Pitching: RHP Keith Harper
Batting: RHB Jorge Balencia 0-0: Ball
1-0: Ball
2-0: Foul Ball, location: 2F
2-1: Called Strike
2-2: Strikes out swinging
Batting: LHB Greg Nelson 0-0: Called Strike
0-1: Swinging Strike
0-2: Strikes out swinging
Batting: LHB José Lińares 0-0: Called Strike
0-1: Called Strike
0-2: Foul Ball, location: 2F
0-2: Ball
1-2: Ball
2-2: Foul Ball, location: 2F
2-2: Foul Ball, location: 2F
2-2: Foul Ball, location: 2F
2-2: Ball
3-2: Base on Balls
Batting: RHB Todd Bryant 0-0: Called Strike
0-1: Fly out, F8 (Line Drive, 8LD)
Bottom of the 9th over - 0 run(s), 0 hit(s), 0 error(s), 1 left on base; Santa Monica 11 - Calgary 2
Thursday, March 30th, 2017 - OOTP Baseball 17.12 Build 75